AoeStats
← Aura Crop Rotation

Black Forest

508080760Analyzed
4v4 RM · 12d ago on Sep 20, 2026· 56m 9s· 8 players
Game mode
Random Map
Map size
Large (8 player)
Population
200
Speed
Normal
Resources
Standard
Victory
Conquest
Starting age
Dark Age
Ending age
Imperial Age
RankedLock teamsTeams togetherTeam positionsShared explorationLock speedFull tech treeHidden civsTurbo modeCheats
Victory
Defeat
🇺🇸 Turks · United States
527
+12
🇹🇷 Maya · Türkiye
492
+14
🇸🇰 Bulgarians · Slovakia
426
+16
🇫🇷 Spanish · France
348
+20
🇷🇴 Spanish · Romania
485
-17
🇨🇴 Persians · Colombia
464
-17
🇦🇷 Dravidians · Argentina
409
-14
🇬🇧 Britons · United Kingdom
398
-14
jhonnycepeda2
2:14 Loom
12:42 Feudal Age
14:21 Wheelbarrow
15:09 Horse Collar
16:24 Double-Bit Axe
16:34 Gold Mining
16:35 Stone Mining
26:07 Castle Age
24:28 Town Watch
26:34 Forging
26:30 Scale Barding Armor
26:16 Fletching
26:34 Husbandry
26:45 Bloodlines
27:52 Heavy Plow
32:45 Imperial Age
30:00 Light Cavalry
30:58 Caravan
31:58 Murder Holes
32:23 Ballistics
32:14 Masonry
35:25 Citadels
35:37 Conscription
35:21 Kamandaran
37:29 Hand Cart
37:14 Town Patrol
39:09 Elite War Elephant
42:41 Hoardings
41:35 Heavy Cavalry Archer
42:42 Parthian Tactics
Aura Crop Rotation
0:57 Loom
13:56 Feudal Age
15:19 Double-Bit Axe
17:18 Wheelbarrow
17:57 Horse Collar
24:43 Town Watch
27:48 Castle Age
28:55 Hand Cart
28:42 Town Patrol
30:58 Heavy Plow
31:14 Bow Saw
30:59 Stone Mining
30:59 Gold Mining
31:55 Coinage
31:27 Caravan
34:02 Gold Shaft Mining
35:33 Yeomen
40:32 Imperial Age
39:03 Ballistics
39:37 Padded Archer Armor
39:28 Fletching
41:39 Guilds
42:00 Banking
41:57 Leather Archer Armor
41:42 Bodkin Arrow
43:17 Chemistry
5 ft into the air
0:34 Loom
17:13 Feudal Age
17:43 Horse Collar
17:56 Double-Bit Axe
19:01 Man-at-Arms
29:03 Castle Age
28:53 Gold Mining
28:58 Stone Mining
30:49 Bow Saw
31:44 Stone Shaft Mining
31:56 Gambesons
34:16 Wheelbarrow
34:57 Heavy Plow
36:33 Long Swordsman
36:35 Pikeman
44:08 Imperial Age
41:55 Hand Cart
45:22 Town Watch
45:32 Two-Handed Swordsman
47:20 Champion
ezequielb89
0:50 Loom
20:00 Feudal Age
22:43 Wheelbarrow
21:54 Town Watch
22:04 Gold Mining
22:05 Stone Mining
22:05 Double-Bit Axe
22:05 Horse Collar
26:59 Arson
26:35 Man-at-Arms
31:29 Castle Age
32:34 Hand Cart
32:20 Town Patrol
32:26 Squires
32:12 Gambesons
31:48 Long Swordsman
31:48 Pikeman
33:19 Bow Saw
39:40 Imperial Age
40:53 Thumb Ring
40:09 Elite Elephant Archer
40:10 Elite Skirmisher
40:11 Crossbowman
41:19 Masonry
41:01 Heated Shot
41:32 Ballistics
42:12 Chemistry
41:00 Arrowslits
41:05 Guard Tower
41:26 Fortified Wall
41:11 Murder Holes
41:23 Siphons
43:00 Halberdier
43:00 Two-Handed Swordsman
50:25 Chemistry
49:42 Siphons
51:39 Husbandry
51:00 Light Cavalry
55:11 Fortified Wall
54:57 Murder Holes
54:53 Guard Tower
54:48 Arrowslits
55:24 Bombard Tower
55:17 Incendiaries
KurtaLFonce
0:33 Loom
13:18 Feudal Age
13:54 Double-Bit Axe
16:05 Horse Collar
23:55 Castle Age
22:10 Gold Mining
22:15 Stone Mining
26:15 Heavy Plow
26:28 Bow Saw
27:18 Treadmill Crane
27:49 Fortified Wall
28:27 Stone Shaft Mining
34:10 Wheelbarrow
33:21 Town Watch
36:56 Imperial Age
34:30 Town Patrol
34:53 Caravan
35:25 Coinage
35:54 Hand Cart
36:16 Ballistics
35:52 Murder Holes
36:07 Masonry
35:59 Padded Archer Armor
35:59 Scale Mail Armor
36:10 Forging
35:50 Fletching
38:40 Chemistry
37:57 Leather Archer Armor
38:18 Iron Casting
37:43 Capped Ram
39:29 Two-Man Saw
39:01 Crop Rotation
39:31 Siege Ram
39:31 Heavy Scorpion
42:11 Ring Archer Armor
41:56 Chain Mail Armor
42:42 Blast Furnace
41:37 Bodkin Arrow
42:14 Architecture
41:10 Pikeman
41:50 Squires
41:36 Arson
41:14 Eagle Warrior
42:32 Halberdier
42:36 Onager
43:08 Elite Eagle Warrior
44:50 Conscription
45:08 Holcans
53:30 Elite Plumed Archer
53:44 Elite Plumed Archer
54:27 Bracer
54:57 Plate Mail Armor
Patricius
4:26 Loom
14:41 Feudal Age
15:34 Horse Collar
15:46 Double-Bit Axe
17:04 Wheelbarrow
19:22 Town Watch
22:49 Stone Mining
22:54 Gold Mining
26:47 Castle Age
25:57 Fletching
26:20 Forging
26:13 Scale Mail Armor
27:33 Heavy Plow
27:45 Bow Saw
28:35 Hand Cart
28:43 Bodkin Arrow
31:10 Ballistics
36:18 Imperial Age
35:07 Guard Tower
35:49 Murder Holes
37:16 Stone Shaft Mining
37:24 Gold Shaft Mining
37:27 Iron Casting
37:07 Chain Mail Armor
37:44 Crop Rotation
37:52 Conscription
38:44 Bracer
39:01 Arson
39:16 Squires
39:05 Gambesons
40:31 Blast Furnace
40:01 Plate Mail Armor
41:26 Siege Engineers
42:54 Chemistry
43:28 Bagains
51:09 Scale Barding Armor
51:05 Padded Archer Armor
51:19 Masonry
50:33 Elite Konnik
51:12 Stirrups
56:17 Architecture
56:02 Town Patrol
56:31 Chain Barding Armor
benbarka71
0:32 Loom
14:15 Feudal Age
15:39 Wheelbarrow
14:50 Town Watch
16:32 Horse Collar
16:51 Double-Bit Axe
19:24 Gold Mining
21:10 Stone Mining
29:07 Forging
28:48 Fletching
28:59 Scale Mail Armor
29:00 Padded Archer Armor
29:06 Scale Barding Armor
31:05 Castle Age
31:09 Pikeman
31:35 Arson
31:51 Squires
32:13 Hand Cart
31:59 Town Patrol
33:00 Heavy Plow
33:43 Stone Shaft Mining
34:23 Bow Saw
34:17 Bodkin Arrow
34:59 Iron Casting
34:41 Chain Mail Armor
34:42 Leather Archer Armor
34:39 Caravan
35:21 Coinage
35:34 Elite Skirmisher
36:43 Bloodlines
36:34 Husbandry
41:24 Chain Barding Armor
46:09 Imperial Age
44:29 Masonry
44:43 Ballistics
44:18 Guard Tower
44:36 Devotion
44:47 Redemption
44:58 Sanctity
44:50 Fervor
44:36 Herbal Medicine
50:18 Architecture
50:50 Chemistry
50:26 Keep
49:39 Arrowslits
50:06 Fortified Wall
51:08 Blast Furnace
50:09 Bracer
50:40 Plate Mail Armor
50:41 Ring Archer Armor
50:47 Plate Barding Armor
51:01 Banking
50:42 Guilds
53:30 Two-Man Saw
52:29 Murder Holes
54:56 Conscription
54:37 Inquisition
55:13 Hoardings
54:04 Light Cavalry
54:48 Halberdier
55:18 Sappers
55:13 Cavalier
Ares648967
11:52 Feudal Age
14:15 Stone Mining
14:18 Gold Mining
15:52 Horse Collar
16:02 Double-Bit Axe
22:46 Castle Age
25:22 Caravan
25:50 Bow Saw
32:40 Imperial Age
34:08 Padded Archer Armor
33:59 Fletching
34:15 Scale Barding Armor
35:33 Artillery
35:24 Man-at-Arms
37:00 Gold Shaft Mining
39:39 Wheelbarrow
40:29 Long Swordsman
43:16 Bombard Tower
43:22 Heavy Plow
43:22 Heavy Camel Rider
46:30 Scale Mail Armor
46:48 Leather Archer Armor
46:53 Chain Barding Armor
46:44 Forging
48:45 Two-Handed Swordsman
48:51 Two-Handed Swordsman
51:02 Champion
54:42 Plate Barding Armor
54:23 Chain Mail Armor
54:38 Ring Archer Armor
Connection lost

Rejoining the realm…

Still unreachable

The connection could not be restored.

Session expired

The server has moved on; the page needs a fresh start.